 Zot Defence DCSS version 0.15.2 (webtiles) character file.

84 LunaticDancer the Grave Robber (level 4, -3/39 HPs)
             Began as a Troll Necromancer on Nov 22, 2018.
             Slain by a gnoll
             ... wielding a +0 whip
              (8 damage)
             ... in the Realm of Zot (Scenario I: Hall of Zot).
             The game lasted 00:11:31 (510 turns).

LunaticDancer the Grave Robber (Troll Necromancer)   Turns: 510, Time: 00:11:31

HP  -3/39        AC  5     Str 17      XL: 4   Next: 23%
MP   4/4         EV 10     Int 11      God:
Gold 0           SH  0     Dex 10      Spells:  2 memorised,  3 levels left

rFire  . . .     SeeInvis .     j - +0 short sword
rCold  . . .     Clarity  .     a - +0 robe
rNeg   . . .     rCorr    .     (shield restricted)
rPois  .         rRot     .     (helmet restricted)
rElec  .         Spirit   .     (no cloak)
SustAb .         Warding  .     (gloves unavailable)
rMut   .         Stasis   .     (boots unavailable)
Gourm  +                        (no amulet)
MR     .....                    (no ring)
                                (no ring)

@: not resistant to hostile enchantments, very unstealthy
A: unfitting armour, claws 3, fast metabolism 3, gourmand, regeneration 2,
saprovore 2, shaggy fur 1, tough skin 2
a: Make oklob sapling, Make arrow trap, Make plant, Remove Curse


You were in the Realm of Zot.
You were not hungry.

You visited 1 branch

Inventory:

Hand weapons
 j - a +0 short sword (weapon)
Missiles
 k - 2 stones (quivered)
Armour
 a - a +0 robe (worn)
Comestibles
 d - 2 meat rations
 l - 3 rotting chunks of goblin flesh
 m - 2 rotting chunks of kobold flesh
Scrolls
 i - a scroll of blinking
Potions
 c - 3 potions of curing
 e - a potion of heal wounds
 f - a potion of haste
 g - 2 potions of magic
 h - a potion of berserk rage
Books
 b - a book of Necromancy

   Spells                             Type                      Level
   *Pain                              Necromancy                   1
   *Animate Skeleton                  Necromancy                   1
   Vampiric Draining                  Necromancy                   3
   Regeneration                       Charms/Necromancy            3
   Animate Dead                       Necromancy                   4
   Control Undead                     Necromancy                   4


   Skills:
 + Level 0.2 Fighting
 + Level 0.2 Short Blades
 + Level 2.0 Dodging
 - Level 1.1 Stealth
 + Level 0.4 Unarmed Combat
 + Level 1.3 Spellcasting
 + Level 4.3 Necromancy


You had 3 spell levels left.
You knew the following spells:

 Your Spells              Type           Power        Failure   Level  Hunger
a - Pain                  Necr           ##..         6%          1    ##.....
b - Animate Skeleton      Necr           N/A          6%          1    ##.....


Dungeon Overview and Level Annotations

Branches:
    Zot (1/1)

Altars:


Innate Abilities, Weirdness & Mutations

You are too large for most types of armour.
You have claws for hands.
Your metabolism is lightning-fast.
You like to eat raw meat.
You heal very quickly.
You can eat rotten meat.
You are covered in fur (AC +1).
You have very tough skin (AC +2).


Message History

The gnoll hits your oklob sapling but does no damage.
The gnoll hits you but does no damage.
You hit the gnoll.
You kill the gnoll!
You have reached level 4!
Your Zot abilities now extend through the making of plants.
Your Zot abilities now extend through removing curses.
The gnoll closely misses you.
The gnoll hits your oklob sapling but does no damage.
The gnoll hits you but does no damage.
You hit the gnoll but do no damage. The gnoll barely misses you.
The gnoll hits your oklob sapling but does no damage.
The gnoll hits you with a whip.
* * * LOW HITPOINT WARNING * * *
A gnoll comes into view. It is wielding a glowing spear.
You barely miss the gnoll. The gnoll hits you with a club.
* * * LOW HITPOINT WARNING * * *
The gnoll hits your oklob sapling but does no damage.
The gnoll hits you with a whip!
You die...

▓▓▓▓▓▓▓▓ ▓▓▓▓▓▓▓▓ ....▓▓▓▓
▓▓▓▓.... .......▓▓▓ ▓▓▓.......
.........▓▓ ▓▓.........
..........▓ ▓▓▓▓▓▓▓▓▓ ▓..........
..........▓▓▓P.....P▓▓▓..........
..........▓▓.......g.▓▓..........
..........▓....(...%..▓..........
..........g.)..)@g....)..........
..........▓....g......▓).........
..........▓▓.........▓▓..........
..........▓▓▓.......▓▓▓..........
..........# ▓▓▓▓▓▓▓▓▓ #..........
.........## ##.........
.......### ###....... ....####
####.... ######### #########


You could see 4 gnolls and 2 friendly oklob saplings.

Vanquished Creatures
  A gnoll (Zot)
  A worm (Zot)
  An ooze (Zot)
  2 kobolds (Zot)
  A ball python (Zot)
  2 bats (Zot)
  4 goblins (Zot)
  A rat (Zot)
13 creatures vanquished.

Vanquished Creatures (collateral kills)
  2 ball pythons (Zot)
  2 goblins (Zot)
  4 kobolds (Zot)
  A bat (Zot)
  3 giant cockroaches (Zot)
  2 giant newts (Zot)
  5 rats (Zot)
19 creatures vanquished.

Vanquished Creatures (others)
  A giant spore (Zot)
  2 goblin skeletons (Zot)
  A kobold skeleton (Zot)
4 creatures vanquished.

Grand Total: 36 creatures vanquished

Notes
Turn   | Place    | Note
--------------------------------------------------------------
     0 | Zot      | LunaticDancer, the Troll Necromancer, began the quest for the Orb.
     0 | Zot      | Reached XP level 1. HP: 16/16 MP: 2/2
     6 | Zot      | Learned a level 1 spell: Animate Skeleton
   224 | Zot      | Reached XP level 2. HP: 21/24 MP: 2/2
   274 | Zot      | Reached XP level 3. HP: 23/31 MP: 3/3
   291 | Zot      | Reached skill level 4 in Necromancy
   508 | Zot      | Reached XP level 4. HP: 11/39 MP: 4/4
   510 | Zot      | Slain by a gnoll

Action                   |  1- 3 |  4- 6 || total
-------------------------+-------+-------++-------
Melee: Short sword       |    60 |     2 ||    62
       Unarmed           |     4 |       ||     4
 Cast: Animate Skeleton  |     3 |       ||     3
 Abil: Make oklob saplin |     2 |       ||     2
 Stab: Distracted        |     1 |       ||     1
